 Dungeon Crawl Stone Soup version 0.30-a0-219-gf2db51d15e (webtiles) character file.

Game seed: 10640385219529555903

284827 IWannaBeTheBoshy the Spry (level 19, -3/124 HPs)
             Began as a Felid Earth Elementalist on Oct 5, 2022.
             Was the Champion of Vehumet.
             Killed from afar by an ice dragon (63 damage)
             ... with a blast of cold
             ... on level 3 of the Depths on Oct 6, 2022.
             The game lasted 07:29:43 (61743 turns).

IWannaBeTheBoshy the Spry (FeEE)                   Turns: 61743, Time: 07:29:43

Health: -3/124     AC: 30    Str: 13    XL:     19   Next: 79%
Magic:  26/42      EV: 32    Int: 35    God:    Vehumet [******]
Gold:   2394       SH:  0    Dex: 17    Spells: 4/54 levels left
                                        Lives:  0   Deaths: 4

rFire   + + .      SeeInvis +      - Unarmed
rCold   x . .      Faith    .    (shield unavailable)
rNeg    + . .      Spirit   .    (body armour unavailable)
rPois   ∞          Reflect  .    (helmet unavailable)
rElec   +          Harm     .    (cloak unavailable)
rCorr   .          Rampage  .    (gloves unavailable)
Will    +++..      Rnd*Tele +    (boots unavailable)
Stlth   ++++......               b - amulet "Wov Zank" {Regen+ Int+4 Stlth+}
HPRegen 1.20/turn                A - ring "Teifur" {rF+ Will+ Str+4}
MPRegen 0.28/turn                I - ring of Tiakul {rF+ Str+6 Int+3}

@: statue-form, studying Evocations, unable to read, unable to drink, very slow
A: slow and powerful, torment resistance 1, boosted hp, very small, claws 1,
fangs 3, see invisible, (speed 1), (shaggy fur 3), stealthy paws, no weapons or
thrown items, no armour, multi-lived, clever 1, poison resistance, screaming 2,
teleportitis 1, cold vulnerability 1, inability to drink after injury 1,
inability to read after injury 1
}: 2/15 runes: decaying, gossamer
a: End Transformation, Renounce Religion


You were on level 3 of the Depths.
You worshipped Vehumet.
Vehumet was exalted by your worship.
You were a living statue of rough stone.
You visited 9 branches of the dungeon, and saw 39 of its levels.
You also visited: Bailey, Ice Cave and Wizlab.

You collected 4868 gold pieces.
You spent 2474 gold pieces at shops.

Inventory:

Jewellery
 b - the amulet "Wov Zank" (around neck) {Regen+ Int+4 Stlth+}
   (You acquired it on level 8 of the Dungeon)

   [amulet of regeneration]

   Int:       It affects your intelligence (+4).
   Regen:     It increases your rate of health regeneration.
   Stlth:     It makes you more stealthy.
 g - the ring "Ahuch" {Fly rN+++ rCorr Int-5 Slay+2}
   (You acquired it on level 8 of the Dungeon)

   [ring of flight]

   Int:       It affects your intelligence (-5).
   Slay:      It affects your accuracy & damage with ranged weapons and melee
   (+2).
   rN:        It renders you almost immune to negative energy.
   Fly:       It grants you flight.
   rCorr:     It protects you from acid and corrosion.
 j - a ring of fire
 q - a ring of protection from cold
 A - the ring "Teifur" (left paw) {rF+ Will+ Str+4}
   (You acquired it on level 8 of the Dungeon)

   [ring of willpower]

   Str:       It affects your strength (+4).
   rF:        It protects you from fire.
   Will:      It increases your willpower.
 E - a ring of ice
 I - the ring of Tiakul (right paw) {rF+ Str+6 Int+3}
   (You bought it in a shop on level 2 of the Orcish Mines)

   [ring of strength]

   Str:       It affects your strength (+6).
   Int:       It affects your intelligence (+3).
   rF:        It protects you from fire.
 Q - the ring "Fimaz" {rCorr Dex+6}
   (You took it off a boggart on level 3 of the Vaults)

   [ring of dexterity]

   Dex:       It affects your dexterity (+6).
   rCorr:     It protects you from acid and corrosion.
 X - the ring "Favuzej" {rCorr Str+6 SInv}
   (You found it in a wizard's laboratory)

   [ring of strength]

   Str:       It affects your strength (+6).
   SInv:      It lets you see invisible.
   rCorr:     It protects you from acid and corrosion.
 Z - the ring of Niulaturgh {Fly rF+ rN+ Str+7}
   (You found it in a wizard's laboratory)

   [ring of flight]

   Str:       It affects your strength (+7).
   rF:        It protects you from fire.
   rN:        It protects you from negative energy.
   Fly:       It grants you flight.
Wands
 v - a wand of polymorph (16)
 y - a wand of mindburst (57)
 D - a wand of iceblast (28)
 F - a wand of paralysis (39)
 K - a wand of flame (49)
 R - a wand of quicksilver (31)
Scrolls
 d - 5 scrolls of amnesia
 f - 4 scrolls of magic mapping
 l - a scroll of fear
 o - 6 scrolls of teleportation
 p - 9 scrolls of immolation
 r - 7 scrolls of vulnerability
 s - 6 scrolls of poison
 t - 17 scrolls of identify {@r1}
 u - 11 scrolls of fog
 w - a scroll of blinking
 P - a scroll of torment
 S - 4 scrolls of silence
 U - 4 scrolls of noise
Potions
 a - 6 potions of magic
 e - 17 potions of curing {@q1}
 h - 9 potions of resistance
 k - 8 potions of brilliance
 m - 5 potions of heal wounds {@q2}
 n - 6 potions of lignification
 x - 5 potions of flight
 z - 6 potions of might
 B - 7 potions of haste
 G - 8 potions of attraction
 H - 7 potions of cancellation
 N - 3 potions of ambrosia
 T - 4 potions of invisibility
Miscellaneous
 i - a box of beasts
 C - a condenser vane
 J - a lightning rod (4/4)
 L - a piece from Xom's chessboard (15/15)
 O - a phial of floods
 W - a tin of tremorstones (2/2)


   Skills:
 - Level 17.0 Fighting
 - Level 20.0 Dodging
 - Level 4.0 Stealth
 - Level 12.0 Unarmed Combat
 - Level 18.0 Spellcasting
 - Level 10.0 Conjurations
 - Level 8.0 Hexes
 + Level 11.8 Necromancy
 - Level 14.0 Transmutations
 + Level 13.7 Earth Magic
 - Level 10.0 Evocations


You had 4 spell levels left.
You knew the following spells:

 Your Spells              Type           Power      Damage    Failure   Level
a - Borgnjor's Vile Clut  Necr/Erth      44%        N/A       1%          5
b - Passwall              Tmut/Erth      75%        N/A       0%          2
c - Stone Arrow           Conj/Erth      100%       3d13      1%          3
d - Petrify               Tmut/Erth      91%        N/A       1%          4
e - Statue Form           Tmut/Erth      60%        N/A       1%          6
f - Mephitic Cloud        Conj/Pois/Air  53%        N/A       1%          3
g - Flame Wave            Conj/Fire      61%        2d14      1%          4
h - Irradiate             Conj/Tmut      43%        3d26      1%          5
i - Airstrike             Air            15%        2d(3-19)  3%          4
j - Yara's Violent Unrav  Hex/Tmut       41%        3d16      1%          5
k - Shatter               Erth           45%        3d35*     67%         9

Your spell library contained the following spells:

 Spells                   Type           Power      Damage    Failure   Level
 Maxwell's Capacitive Co  Air            15%        ∞         100%        8
 Chain Lightning          Conj/Air       30%        3d40      100%        9
 Kiss of Death            Conj/Necr      100%       2d13      0%          1
 Magic Dart               Conj           100%       1d8       0%          1
 Necrotise                Necr           100%       1d9       0%          1
 Sandblast                Erth           100%       2d20      0%          1
 Sublimation of Blood     Necr           85%        N/A       0%          2
 Apportation              Tloc           62%        N/A       1%          1
 Summon Small Mammal      Summ           100%       N/A       1%          1
 Call Imp                 Summ           31%        N/A       1%          2
 Ensorcelled Hibernation  Hex/Ice        100%       N/A       1%          2
 Spider Form              Tmut/Pois      69%        N/A       1%          3
 Summon Guardian Golem    Hex/Summ       56%        N/A       1%          3
 Vampiric Draining        Necr           85%        2d12      1%          3
 Anguish                  Hex/Necr       39%        N/A       1%          4
 Sticky Flame             Conj/Fire      61%        2d8       1%          4
 Call Canine Familiar     Summ           31%        N/A       3%          3
 Manifold Assault         Tloc           31%        N/A       11%         4
 Passage of Golubria      Tloc           31%        N/A       11%         4
 Agony                    Necr           85%        N/A       1%          5
 Alistair's Intoxication  Tmut/Pois      46%        N/A       1%          5
 Arcjolt                  Conj/Air       30%        1d40      1%          5
 Death Channel            Necr           42%        N/A       1%          6
 Eringya's Noxious Bog    Tmut/Pois      34%        N/A       2%          6
 Orb of Destruction       Conj           39%        9d11      4%          7
 Metabolic Englaciation   Hex/Ice        28%        N/A       6%          5
 Silence                  Hex/Air        28%        N/A       6%          5
 Summon Mana Viper        Hex/Summ       56%        N/A       6%          5
 Lehudib's Crystal Spear  Conj/Erth      42%        10d10     16%         8
 Spellforged Servitor     Conj/Summ      30%        N/A       28%         7
 Summon Forest            Summ/Tloc      15%        N/A       30%         5
 Necromutation            Tmut/Necr      44%        N/A       34%         8
 Borgnjor's Revivificati  Necr           42%        N/A       50%         8
 Dispersal                Tloc           15%        N/A       86%         6
 Summon Cactus Giant      Summ           15%        N/A       86%         6
 Summon Hydra             Summ           15%        N/A       100%        7
 Disjunction              Tloc           15%        N/A       100%        8
 Death's Door             Necr           42%        N/A       100%        9
 Animate Armour           Summ/Erth      Unusable   N/A       N/A         4

Dungeon Overview and Level Annotations

Branches:
Dungeon (15/15) Zot: 20056  Temple (1/1) D:5 Zot: 5926    Lair (5/5) D:11 Zot: 19853
  Swamp (4/4) Lair:2 Zot: 20017  Spider (4/4) Lair:2 Zot: 22105   Slime (1/5) Lair:4 Zot: 5851
    Orc (2/2) D:10 Zot: 9793     Elf (0/3) Orc:2        Vaults (4/5) D:14 Zot: 19946
  Crypt (0/3) Vaults:3     Depths (3/4) D:15 Zot: 26497  Bailey (visited)
  IceCv (visited)          WizLab (visited)

Altars:
Ashenzari
Cheibriados
Dithmenos
Elyvilon
Fedhas
Gozag
Hepliaklqana
Kikubaaqudgha
Makhleb
Nemelex Xobeh
Okawaru
Qazlal
Ru
Sif Muna
Trog
Uskayaw
Vehumet
Wu Jian
Xom
Yredelemnul
Zin
The Shining One
Jiyva

Shops:
D:8 :   D:10 (   D:14 *   Orc:1 :   Orc:2 ([=*   Vaults:1 !   Vaults:2 *
Vaults:3 (

Portals:
Hell: Lair:5 Depths:1 Depths:2
Ziggurat: Depths:1
Trove: Vaults:2 (give 7 potions of haste)

Annotations:
D:5 exclusion: door
D:6 1 exclusion
D:8 5 exclusions
D:13 Snorg
D:14 3 runed translucent doors, Wopsaluy's ghost, journeyman GrFi
Spider:1 2 transporters
Spider:2 2 transporters, Decritt's ghost, adept GrEE
Vaults:3 3 runed translucent doors, 1 exclusion, Zenata; atomjack2's ghost, adept VSEn
Depths:2 1 runed translucent door


Innate Abilities, Weirdness & Mutations

You are a living statue of rough stone.
Your actions are slow, but your melee attacks are powerful.
You are resistant to unholy torment.
Your maximum health is greatly increased.
You have sharp claws.
You have razor-sharp teeth.
You have supernaturally acute eyesight. (SInv)
((You cover ground quickly. (Speed+)))
((Your thick and shaggy fur keeps you warm. (AC +3, rC+)))
Your paws help you pounce on unaware monsters.
You are incapable of wielding weapons or throwing items.
You cannot wear armour.
You gain extra lives every three experience levels.
Your mind is acute. (Int +4, Str/Dex -1)
Your system is resistant to poisons. (rPois)
You frequently scream uncontrollably at your foes.
You are occasionally teleported next to monsters.
You are vulnerable to cold. (rC-)
You occasionally lose the ability to drink potions when taking damage.
You occasionally lose the ability to read scrolls when taking damage.


Message History

The zombie hands constrict the fire dragon!
The zombie hands constrict the water elemental!
The water elemental struggles to escape constriction.
The rakshasa gestures at you. The lance of force hits you!!
You are knocked back by the lance of force.
You slam into the rock wall!
The fire dragon breathes flames at you. The blast of flame hits you!!
You resist.
You hear a deafening roar!
You scratch the fire dragon but do no damage.
The fire dragon is severely wounded.
The zombie hands constrict the fire dragon!
The zombie hands constrict the water elemental!
The rakshasa weaves an illusion.
The zombie hands lose their grip on the water elemental.
The water elemental shimmers and seems to become two!
Casting: Borgnjor's Vile Clutch (safe; 1% risk of failure)
Confirm with . or Enter, or press ? or * to list all spells.
You turn into a living statue of rough stone.
The zombie hands constrict the fire dragon!!
You kill the fire dragon!
Vehumet accepts your kill.
You feel your power returning.
The rakshasa weaves an illusion.
The water elemental shimmers and seems to become two!
The water elemental hits you.
The water elemental engulfs you in water!
You scratch the water elemental.
The water elemental is almost destroyed.
The water engulfing you falls away. The rakshasa completely misses you.
The water elemental barely misses you.
The rakshasa hits you but does no damage.
Casting: Statue Form (mildly dangerous; 1% risk of failure)
Confirm with . or Enter, or press ? or * to list all spells.
Aiming: Borgnjor's Vile Clutch (safe; 1% risk of failure)
Press: ? - help, Shift-Dir - straight line, f - water elemental
Aim: a water elemental (severely damaged, 100% to hit)
Zombie hands grab the ice dragon.
Zombie hands grab the water elemental.
The zombie hands constrict the ice dragon!
The zombie hands constrict the water elemental!!
You destroy the water elemental!
Vehumet accepts your kill.
You feel your power returning. The water elemental misses you.
The ice dragon breathes frost at you. The blast of cold hits you!!!
You feel a terrible chill!
You feel threatened and lose the ability to read scrolls!
You feel threatened and lose the ability to drink potions!
Ouch! That really hurt!
You die...

#.....# #..##.....#
##..##...... #...#
#...## #....### ###
#.....#####........
#.RE.##.....≈≈≈≈m≈≈
#8DE..≈≈≈≈≈≈≈≈≈≈≈≈
###....~≈≈≈≈≈.....
##....~≈≈.......
##...~≈≈...~≈≈≈~
##....~≈≈.≈≈≈≈≈≈≈
#..D..≈≈≈.≈≈≈
#.....~≈R.≈≈≈.
#...D.~≈.≈≈~..
#...D.~≈≈≈~....


You could see an ice dragon (catching breath, clutched), 2 rakshasas and 2 water
elementals.

Vanquished Creatures
  A juggernaut (Depths:3)
  Margery (Vaults:3)
  A golden dragon (Depths:3)
  Nikola (Depths:1)
  Arachne (Spider:2)
  2 tentacled monstrosities
  A moon troll (WizLab)
  Asterion (Vaults:3)
  A lich (Depths:3)
  A titan (Depths:3)
  2 quicksilver dragons (WizLab)
  4 tentacled starspawn (WizLab)
  A sphinx (Depths:3)
  An acid blob (Slime:1)
  A shadow dragon (Depths:3)
  A thorn hunter (Swamp:4)
  2 tengu reavers
  4 fenstrider witches
  Kirke (D:13)
  2 azure jellies (Lair:4)
  5 emperor scorpions
  8 fire giants
  4 vault wardens
  The ghost of LetschGu the Jinx, an adept OpEn of Ashenzari (D:15)
  4 frost giants
  2 iron dragons
  Aizul (Vaults:3)
  A cacodemon (WizLab)
  7 ghost moths
  14 broodmothers
  3 orc warlords
  9 very ugly things
  17 ironbound preservers
  A war gargoyle (Vaults:4)
  3 ironbound thunderhulks
  4 eleionomae (Swamp:4)
  The ghost of Rinayma the Unseen, a journeyman SpEn of Dithmenos (Spider:2)
  17 dire elephants
  17 stone giants
  A deep elf demonologist (Vaults:3)
  2 vampire knights
  6 spark wasps
  2 bunyips
  A crystal guardian (WizLab)
  A merfolk javelineer (Depths:3)
  4 merfolk impalers (Depths:3)
  2 ettins
  9 yaktaur captains
  12 great orbs of eyes
  3 fire dragons
  2 shambling mangroves (Swamp:4)
  4 entropy weavers
  5 ice dragons
  2 vault guards (Vaults:2)
  Erolcha (D:9)
  23 hydras
  3 rakshasas
  A jorogumo (Spider:1)
  A peacekeeper (Vaults:4)
  5 ironbound frosthearts
  5 catoblepae
  5 spriggan air magi
  A death knight (D:13)
  3 radroaches
  2 spectral fire giants (D:15)
  3 two-headed ogres
  14 centaur warriors
  9 alligators
  A ghost crab (Swamp:2)
  8 boulder beetles
  2 deep troll shamans (Depths:2)
  5 death yaks
  3 deep troll earth magi
  7 tengu warriors
  Urug (D:12)
  4 hell knights
  11 sun demons
  2 orc high priests
  2 spriggan berserkers (Depths:3)
  9 spriggans
  3 sun moths
  4 iron trolls
  6 skeletal warriors (D:14)
  A salamander mystic (Depths:2)
  5 pharaoh ants
  3 orange crystal statues
  3 goliath frogs
  A spriggan simulacrum (D:15)
  11 glowing orange brains
  A death drake (Swamp:3)
  55 deep trolls
  4 bog bodies
  3 spriggan druids
  3 phantasmal warriors
  A deep elf archer (D:14)
  6 steelbarb worms
  9 swamp dragons
  2 flayed ghosts (Depths:2)
  11 orb spiders
  3 necromancers
  Pikel (D:6)
  14 ironbound convokers
  11 wizards
  A harpy (Vaults:1)
  11 orc knights
  6 deep elf pyromancers
  A deep elf zephyrmancer (D:14)
  A tengu zombie (D:15)
  8 lindwurms
  2 manticores
  2 oklob plants
  38 ugly things
  3 orc sorcerers (Orc:2)
  3 shining eyes
  3 salamanders (Depths:2)
  4 cyclopes
  A salamander (shapeshifter) (D:15)
  24 wolf spiders
  5 will-o-the-wisps
  19 elephants
  4 moths of wrath
  8 eyes of devastation
  3 black mambas
  14 vault sentinels
  A smoke demon (Lair:5)
  A storm dragon simulacrum (D:15)
  7 torpor snails
  4 centaur skeletons (D:14)
  16 cane toads
  6 demonic crawlers
  2 orange demons (Lair:5)
  2 hellions
  7 komodo dragons
  An ice devil (Lair:5)
  9 rime drakes
  33 yaktaurs
  2 kobold demonologists
  2 tengu conjurers
  2 red devils (Lair:5)
  A troll (shapeshifter) (D:14)
  3 bloated husks (Swamp:2)
  28 tarantellas
  4 polar bears
  9 meliai
  6 trolls
  6 tyrant leeches
  10 hornets
  33 slime creatures
  24 blink frogs
  5 dream sheep (Lair:4)
  2 stone giant simulacra (D:15)
  A human simulacrum (Vaults:1)
  A jumping spider (shapeshifter) (Vaults:3)
  19 starcursed masses (WizLab)
  30 jumping spiders
  21 culicivoras
  3 wraiths
  12 water elementals
  2 hogs (D:13)
  3 wyverns
  A fire elemental (Lair:2)
  4 vampires
  60 yaks
  2 fire bats (Depths:3)
  2 neqoxecs (WizLab)
  A golden eye (D:7)
  3 basilisks
  67 redbacks
  2 steam dragons (D:7)
  9 vampire mosquitoes
  A harpy simulacrum (IceCv)
  A death yak simulacrum (Lair:1)
  14 swamp worms
  3 wargs
  Edmund (D:6)
  An acid dragon (D:9)
  13 water moccasins
  A floating eye (Depths:2)
  4 hell hounds (Lair:5)
  11 swamp drakes
  43 orc warriors
  A sky beast (D:7)
  2 black bears
  2 ice beasts (D:6)
  7 ogres
  7 boggarts
  13 wolves
  14 centaurs
  4 lemures (D:6)
  A phantom (D:5)
  A kobold brigand (D:10)
  17 bullfrogs
  5 gnoll sergeants (D:10)
  2 cane toad simulacra (IceCv)
  3 scorpions
  3 wights (D:10)
  5 howler monkeys
  8 electric eels
  3 jellies
  4 hounds
  21 orc priests
  A gnoll bouda (D:4)
  3 iguanas (D:5)
  5 hell rats (Lair:1)
  A polar bear simulacrum (Lair:1)
  30 orc wizards
  A wolf simulacrum (IceCv)
  19 gnolls
  6 adders
  4 white imps
  An ufetubus (Vaults:1)
  5 dart slugs
  61 orcs
  10 ball pythons
  2 endoplasms
  A giant cockroach (D:1)
  12 goblins
  10 hobgoblins
  7 kobolds
  4 quokkas
  5 bats
  3 frilled lizards
  12 rats
  A fire vortex (Lair:2)
1547 creatures vanquished.

Vanquished Creatures (others)
  A vampire mage (Depths:2)
  A human (D:13)
  An orc (Orc:2)
  6 bushes
  9 demonic plants (WizLab)
  18 foxfires
  55 fungi
  123 plants
  14 starspawn tentacles (WizLab)
228 creatures vanquished.

Grand Total: 1775 creatures vanquished

Notes
Turn   | Place    | Note
-------+----------+-------------------------------------------
     0 | D:1      | IWannaBeTheBoshy the Felid Earth Elementalist began the
                  | quest for the Orb.
     0 | D:1      | Reached XP level 1. HP: 7/7 MP: 4/4
    42 | D:1      | Found a faded altar of an unknown god.
   265 | D:1      | Reached XP level 2. HP: 12/12 MP: 1/6
   582 | D:1      | Reached skill level 3 in Dodging
   619 | D:1      | Learned a level 2 spell: Passwall
   790 | D:1      | Reached XP level 3. HP: 15/15 MP: 4/7
   794 | D:1      | Learned a level 3 spell: Stone Arrow
  1014 | D:2      | Reached skill level 1 in Fighting
  1721 | D:3      | Reached XP level 4. HP: 19/19 MP: 3/8
  2036 | D:3      | Found a shadowy altar of Dithmenos.
  2065 | D:3      | Found a blossoming altar of Fedhas.
  2637 | D:4      | Noticed a black bear
  2751 | D:4      | Noticed a scorpion
  3045 | D:5      | Entered Level 5 of the Dungeon
  3112 | D:5      | Reached XP level 5. HP: 14/22 MP: 3/10
  3387 | D:5      | Identified the +0 chain mail of the Quahog {rPois rF++
                  | Regen+ Stlth+}
  3395 | D:5      | Found a staircase to the Ecumenical Temple.
  3400 | Temple   | Entered the Ecumenical Temple
  3481 | Temple   | Became a worshipper of Vehumet
  3880 | D:5      | Reached skill level 4 in Dodging
  3880 | D:5      | Gained mutation: You are covered in thick fur. (AC +2)
                  | [Felid growth]
  3880 | D:5      | Reached XP level 6. HP: 14/27 MP: 5/11
  4389 | D:5      | Noticed a water moccasin
  4401 | D:5      | Learned a level 4 spell: Petrify
  4456 | D:5      | Reached XP level 7. HP: 31/31 MP: 9/13
  4786 | D:4      | Reached skill level 5 in Dodging
  5159 | D:4      | Reached * piety under Vehumet
  5159 | D:4      | Offered knowledge of Freeze by Vehumet.
  5936 | D:6      | Reached XP level 8. HP: 36/36 MP: 12/15
  6034 | D:6      | Noticed Edmund
  6035 | D:6      | Reached skill level 6 in Dodging
  6167 | D:6      | Killed Edmund
  6522 | D:6      | Noticed Pikel
  6887 | D:6      | Killed Pikel
  6888 | D:6      | Reached skill level 7 in Dodging
  6888 | D:6      | Reached skill level 5 in Transmutations
  6888 | D:6      | Reached skill level 5 in Earth Magic
  7276 | D:7      | Reached skill level 5 in Fighting
  7287 | D:7      | Reached skill level 5 in Spellcasting
  7438 | D:7      | Noticed a hornet
  7440 | D:7      | a hornet changed into a golden eye
  7442 | D:7      | Reached XP level 9. HP: 40/40 MP: 15/17
  7625 | D:7      | Reached skill level 1 in Evocations
  8343 | D:8      | Noticed a two-headed ogre
  8379 | D:8      | Killed a two-headed ogre
  8440 | D:8      | Found Baoviv's Book Shop.
  8495 | D:8      | Found an ornate altar of the Wu Jian Council.
  8550 | D:8      | Found a flagged portal.
  8597 | Bailey   | Entered a bailey
  8830 | Bailey   | Offered knowledge of Magic Dart by Vehumet.
  8962 | Bailey   | Reached ** piety under Vehumet
  8979 | Bailey   | Reached XP level 10. HP: 35/44 MP: 4/20
  9629 | Bailey   | Identified the +4 shortbow of Impeachment {flame, Str+3
                  | Int+2}
  9629 | Bailey   | Identified the +3 scale mail of Autumn {Str+3 Dex+2 SInv}
  9630 | Bailey   | Noticed an orc high priest
  9702 | Bailey   | Found an iron altar of Okawaru.
  9874 | Bailey   | Noticed an orc knight
  9973 | Bailey   | Killed an orc high priest
  9974 | Bailey   | Reached skill level 5 in Evocations
 10549 | Bailey   | Killed an orc knight
 11682 | D:8      | Acquired a book of Sloth
 11684 | D:8      | Acquired the amulet "Wov Zank" {Regen+ Int+4 Stlth+}
 11691 | D:8      | Acquired the ring "Teifur" {rF+ Will+ Str+4}
 11693 | D:8      | Acquired the ring "Ahuch" {Fly rN+++ rCorr Int-5 Slay+2}
 11704 | D:8      | Learned a level 6 spell: Statue Form
 11937 | D:9      | Noticed a two-headed ogre
 12332 | D:9      | Found a white marble altar of Elyvilon.
 12332 | D:9      | Found a glowing golden altar of the Shining One.
 12373 | D:9      | Killed a two-headed ogre
 12374 | D:9      | Reached XP level 11. HP: 48/48 MP: 4/23
 12610 | D:9      | Noticed Erolcha
 12618 | D:9      | Killed Erolcha
 12833 | D:9      | Reached skill level 8 in Dodging
 12839 | D:9      | Offered knowledge of Momentum Strike by Vehumet.
 13689 | D:10     | Entered Level 10 of the Dungeon
 13726 | D:10     | Found Tase's Weapon Boutique.
 14401 | D:10     | Found a staircase to the Orcish Mines.
 14476 | D:10     | Reached *** piety under Vehumet
 14593 | D:10     | Found a bloodstained altar of Trog.
 15267 | D:11     | Noticed a boulder beetle
 15295 | D:11     | Offered knowledge of Mephitic Cloud by Vehumet.
 15371 | D:10     | Learned a level 3 spell: Mephitic Cloud
 15431 | D:11     | Noticed an oklob plant
 15462 | D:11     | Found a staircase to the Lair.
 15504 | D:11     | Reached skill level 9 in Dodging
 16273 | D:12     | Noticed a boulder beetle
 16579 | D:12     | Reached skill level 1 in Unarmed Combat
 16716 | D:12     | Reached skill level 10 in Dodging
 16915 | D:12     | You fall into a shaft and drop 3 floors!
 16915 | D:15     | Entered Level 15 of the Dungeon
 16937 | D:15     | Found a shimmering blue altar of Sif Muna.
 17001 | D:15     | Noticed a tengu warrior
 17047 | D:15     | Noticed an eight-headed hydra
 17089 | D:15     | Killed an eight-headed hydra
 17169 | D:15     | Noticed a cyan ugly thing
 17190 | D:15     | Noticed a fire dragon
 17343 | D:14     | Found a runed translucent gate.
 17345 | D:14     | Found an opulent altar of Gozag.
 17346 | D:14     | Found a runed translucent gate.
 17346 | D:14     | Found a runed translucent gate.
 17348 | D:14     | Noticed a rakshasa
 17348 | D:14     | Noticed a centaur warrior
 17348 | D:14     | Noticed Wopsaluy's ghost (journeyman GrFi)
 17349 | D:14     | Found Rosod's Assorted Antiques.
 17349 | D:14     | Noticed a deep troll earth mage
 17349 | D:14     | Noticed a boulder beetle
 17350 | D:14     | Noticed a centaur warrior
 17485 | D:14     | Found a bloodstained altar of Trog.
 17498 | D:14     | Gained mutation: Your thick and shaggy fur keeps you warm.
                  | (AC +3, rC+) [Felid growth]
 17498 | D:14     | Reached XP level 12. HP: 54/54 MP: 12/25
 18028 | D:13     | Noticed Snorg
 18050 | D:13     | Noticed a death knight
 18101 | D:13     | Reached skill level 10 in Transmutations
 18310 | D:13     | Killed a death knight
 18400 | D:12     | Noticed a boulder beetle
 18556 | D:12     | Found an ornate altar of the Wu Jian Council.
 18786 | D:12     | Noticed Urug
 19254 | D:11     | Reached **** piety under Vehumet
 19455 | D:11     | Killed a boulder beetle
 19679 | Lair:1   | Entered Level 1 of the Lair of Beasts
 19757 | Lair:1   | Offered knowledge of Flame Wave by Vehumet.
 19758 | Lair:1   | Reached skill level 10 in Spellcasting
 19864 | Lair:1   | Found a frozen archway.
 19933 | IceCv    | Entered an ice cave
 19966 | IceCv    | Found a transporter.
 19983 | IceCv    | Found a transporter.
 19989 | IceCv    | Learned a level 4 spell: Flame Wave
 20951 | Lair:2   | Reached skill level 11 in Dodging
 20976 | Lair:2   | Found a hole to the Spider Nest.
 21276 | Lair:1   | Reached ***** piety under Vehumet
 21276 | Lair:1   | Offered knowledge of Sticky Flame by Vehumet.
 21399 | Lair:2   | Found a staircase to the Swamp.
 21476 | Lair:2   | Reached skill level 12 in Dodging
 21476 | Lair:2   | Reached XP level 13. HP: 60/60 MP: 9/28
 21707 | Lair:2   | Reached skill level 5 in Unarmed Combat
 22407 | Lair:3   | Reached skill level 10 in Fighting
 23184 | Lair:3   | Reached skill level 13 in Dodging
 23276 | Lair:3   | Upgraded the game from 0.30-a0-218-gedb9141078 to
                  | 0.30-a0-219-gf2db51d15e
 23279 | Lair:4   | Found a viscous altar of Jiyva.
 23570 | Lair:4   | Found a staircase to the Slime Pits.
 23921 | Lair:4   | Learned a level 4 spell: Sticky Flame
 24037 | Lair:4   | Offered knowledge of Airstrike by Vehumet.
 24058 | Lair:4   | Learned a level 4 spell: Airstrike
 24922 | Lair:5   | Entered Level 5 of the Lair of Beasts
 25226 | Lair:4   | Reached XP level 14. HP: 67/67 MP: 20/29
 26127 | Lair:5   | Reached skill level 10 in Unarmed Combat
 26133 | Lair:5   | Offered knowledge of Arcjolt by Vehumet.
 26143 | Lair:5   | Learned a level 5 spell: Arcjolt
 26445 | Lair:5   | Reached skill level 14 in Dodging
 26847 | Lair:5   | Reached skill level 15 in Dodging
 27442 | Lair:5   | Found a burning altar of Makhleb.
 27928 | Lair:5   | Found a gateway to Hell.
 27935 | Lair:5   | Identified the +4 scale mail "Cybbyrakk" {Rampage rPois
                  | rC++ MP+9}
 28668 | D:12     | Killed Urug
 28908 | D:13     | Noticed Kirke
 28936 | D:13     | Killed Kirke
 28937 | D:13     | Reached XP level 15. HP: 72/72 MP: 18/32
 29288 | Orc:1    | Entered Level 1 of the Orcish Mines
 29739 | Orc:2    | Entered Level 2 of the Orcish Mines
 29739 | Orc:2    | Found a staircase to the Elven Halls.
 30318 | Orc:1    | Offered knowledge of Yara's Violent Unravelling by Vehumet.
 30328 | Orc:1    | Learned a level 5 spell: Yara's Violent Unravelling
 30384 | Orc:2    | Reached skill level 1 in Hexes
 30943 | Orc:2    | Found Wyosuokk's General Store.
 31060 | Orc:2    | Found Deumu Dir's Jewellery Shoppe.
 31174 | Orc:2    | Found Muisch Turriwk's Antique Weapon Shoppe.
 31189 | Orc:2    | Found Lyloeli's Antique Armour Shoppe.
 31228 | Orc:2    | Reached skill level 16 in Dodging
 31439 | Orc:1    | Found Vionno's Vocational Training.
 31663 | Orc:1    | Bought a manual of Evocations for 1120 gold pieces
 31715 | Orc:2    | Bought the ring of Tiakul {rF+ Str+6 Int+3} for 788 gold
                  | pieces
 31733 | Orc:2    | Bought a potion of ambrosia for 104 gold pieces
 31881 | Spider:1 | Entered Level 1 of the Spider Nest
 31902 | Lair:2   | Reached skill level 5 in Hexes
 32132 | Lair:2   | Reached skill level 10 in Evocations
 32659 | Lair:2   | Offered knowledge of Irradiate by Vehumet.
 32667 | Lair:2   | Learned a level 5 spell: Irradiate
 32696 | Spider:1 | Reached skill level 1 in Conjurations
 32758 | Spider:1 | Found a transporter.
 32775 | Spider:1 | Found a transporter.
 32805 | Spider:1 | You are sucked into a shaft and drop 1 floor!
 32957 | Spider:2 | Noticed an emperor scorpion
 33264 | Spider:2 | Killed an emperor scorpion
 33908 | Spider:2 | Reached XP level 16. HP: 77/77 MP: 28/34
 33978 | Spider:2 | Found a transporter.
 33983 | Spider:2 | Noticed Decritt's ghost (adept GrEE)
 33988 | Spider:2 | Found a transporter.
 33992 | Spider:2 | Noticed Arachne
 34070 | Spider:2 | Noticed Rinayma's ghost (journeyman SpEn)
 34274 | Spider:3 | Reached skill level 5 in Conjurations
 35118 | Spider:4 | Entered Level 4 of the Spider Nest
 35434 | Spider:3 | Offered knowledge of Ozocubu's Refrigeration by Vehumet.
 36218 | Spider:4 | Reached ****** piety under Vehumet
 36382 | Spider:4 | Offered knowledge of Starburst by Vehumet.
 36928 | Spider:4 | Slain by a broodmother
 36929 | Spider:4 | Reached XP level 15. HP: -5/97 MP: 8/33
 37152 | Spider:4 | Got a gossamer rune of Zot
 37483 | Swamp:1  | Entered Level 1 of the Swamp
 37492 | Swamp:1  | Reached XP level 16. HP: 79/79 MP: 31/35
 38104 | Swamp:1  | Reached skill level 17 in Dodging
 38609 | Swamp:2  | Offered knowledge of Shatter by Vehumet.
 38609 | Swamp:2  | Offered knowledge of Chain Lightning by Vehumet.
 38609 | Swamp:2  | Offered knowledge of Maxwell's Capacitive Coupling by
                  | Vehumet.
 38873 | Swamp:3  | Noticed a tentacled monstrosity
 38884 | Swamp:3  | Killed a tentacled monstrosity
 39218 | Swamp:3  | Noticed a thorn hunter
 39263 | Swamp:3  | Found a runed translucent door.
 39722 | Swamp:4  | Entered Level 4 of the Swamp
 39722 | Swamp:4  | Noticed a thorn hunter
 39731 | Swamp:4  | Killed a thorn hunter
 39899 | Swamp:4  | Reached skill level 10 in Earth Magic
 40293 | Swamp:4  | Reached XP level 17. HP: 41/84 MP: 36/36
 40603 | Swamp:4  | Noticed a tentacled monstrosity
 40622 | Swamp:4  | Killed a tentacled monstrosity
 40698 | Swamp:4  | Got a decaying rune of Zot
 40742 | Swamp:4  | Reached skill level 15 in Fighting
 41505 | D:13     | Identified the +1 robe of the Freezing God {Fly}
 41668 | D:14     | Found a glowing golden altar of the Shining One.
 42446 | D:14     | Found a gate to the Vaults.
 43106 | D:15     | Found a runed translucent gate.
 43106 | D:15     | Found a runed translucent gate.
 43106 | D:15     | Found a runed translucent gate.
 43112 | D:15     | Noticed LetschGu's ghost (adept OpEn)
 43362 | D:15     | Found a staircase to the Depths.
 43431 | D:15     | Got Sif Muna's Octavo of Mortification
 43445 | D:15     | Learned a level 5 spell: Borgnjor's Vile Clutch
 43554 | Vaults:1 | Entered Level 1 of the Vaults
 43653 | Vaults:1 | Found Qabaiwot's Distillery.
 43656 | Vaults:1 | Bought a potion of heal wounds for 70 gold pieces
 43656 | Vaults:1 | Bought a potion of heal wounds for 70 gold pieces
 43656 | Vaults:1 | Bought a potion of heal wounds for 70 gold pieces
 43656 | Vaults:1 | Bought a potion of resistance for 140 gold pieces
 43656 | Vaults:1 | Bought a potion of mutation for 112 gold pieces
 43796 | Vaults:1 | HP: 4/110 [yaktaur captain (20)]
 43796 | Vaults:1 | Slain by a yaktaur captain
 43797 | Vaults:1 | Reached XP level 16. HP: -5/105 MP: 35/35
 44392 | Vaults:1 | Reached skill level 10 in Conjurations
 44982 | Vaults:1 | Reached XP level 17. HP: 85/85 MP: 36/36
 45088 | Vaults:1 | Reached skill level 18 in Dodging
 45136 | Vaults:1 | Reached skill level 1 in Necromancy
 45266 | Vaults:1 | Identified the +2 robe "Kosisia" {rF++ rN+ Will+ Int-2}
 45630 | Vaults:2 | Found a portal to a secret trove of treasure.
 45838 | Vaults:2 | Found Diwifuf's General Store.
 45923 | Vaults:2 | Found a magical portal.
 45938 | WizLab   | Entered Lehudib's Moon Base
 45959 | WizLab   | Reached skill level 5 in Necromancy
 45985 | WizLab   | Found a transporter.
 46017 | WizLab   | Gained mutation: Potions are less effective at restoring
                  | your health. [a neqoxec]
 46035 | WizLab   | Paralysed by accursed screaming for 1 turns
 46043 | WizLab   | HP: 2/85 [starcursed mass/accursed screaming (9)]
 46515 | WizLab   | Noticed a quicksilver dragon
 46522 | WizLab   | Killed a quicksilver dragon
 46617 | WizLab   | Gained mutation: You are occasionally teleported next to
                  | monsters. [a cacodemon]
 46623 | WizLab   | Gained mutation: You are weak. (Str -2) [a cacodemon]
 47077 | WizLab   | Noticed a quicksilver dragon
 47081 | WizLab   | Killed a quicksilver dragon
 47089 | WizLab   | Identified the +3 pair of gloves of Life {rF- Dex+7 SInv
                  | Stlth+}
 47257 | WizLab   | Found a transporter.
 47362 | WizLab   | Noticed a quicksilver dragon
 47495 | WizLab   | Identified the ring "Favuzej" {rCorr Str+6 SInv}
 47556 | WizLab   | Noticed a moon troll
 47729 | WizLab   | Got Lehudib's Spellbook of Transposed Clay
 47767 | WizLab   | Killed a moon troll
 47824 | WizLab   | Identified the ring of Niulaturgh {Fly rF+ rN+ Str+7}
 47827 | WizLab   | Got the Treatise on Spellbinding and the Mausoleum
 47926 | Vaults:2 | Reached skill level 10 in Necromancy
 48483 | Slime:1  | Entered Level 1 of the Pits of Slime
 48531 | Slime:1  | Gained mutation: You are very weak. (Str -4) [a shining
                  | eye]
 48534 | Lair:4   | Gained mutation: You occasionally lose the ability to read
                  | scrolls when taking damage. [a shining eye]
 48681 | Lair:4   | Gained mutation: You are vulnerable to heat. (rF-) [a
                  | shining eye]
 48793 | Slime:1  | Noticed an acid blob
 48799 | Slime:1  | Killed an acid blob
 48881 | Lair:4   | Lost mutation: You are vulnerable to heat. (rF-) [potion of
                  | mutation]
 48881 | Lair:4   | Lost mutation: You are very weak. (Str -4) [potion of
                  | mutation]
 48881 | Lair:4   | Gained mutation: Your body sometimes deteriorates upon
                  | taking damage. [potion of mutation]
 48881 | Lair:4   | Gained mutation: You do not regenerate when monsters are
                  | visible. [potion of mutation]
 48881 | Lair:4   | Gained mutation: You are partially covered in iridescent
                  | scales. (AC +2) [potion of mutation]
 48882 | Lair:4   | Lost mutation: You are occasionally teleported next to
                  | monsters. [potion of mutation]
 48882 | Lair:4   | Lost mutation: You are weak. (Str -2) [potion of mutation]
 48882 | Lair:4   | Lost mutation: Your body sometimes deteriorates upon taking
                  | damage. [potion of mutation]
 48882 | Lair:4   | Gained mutation: You are weak. (Str -2) [potion of
                  | mutation]
 48882 | Lair:4   | Gained mutation: You have a somewhat thin skeletal
                  | structure. (Dex +2, Stealth+) [potion of mutation]
 48882 | Lair:4   | Gained mutation: Your mind is acute. (Int +4, Str/Dex -1)
                  | [potion of mutation]
 48883 | Lair:4   | Lost mutation: You are partially covered in iridescent
                  | scales. (AC +2) [potion of mutation]
 48883 | Lair:4   | Lost mutation: Your mind is acute. (Int +4, Str/Dex -1)
                  | [potion of mutation]
 48883 | Lair:4   | Lost mutation: You are weak. (Str -2) [potion of mutation]
 48883 | Lair:4   | Gained mutation: You are partially covered in iridescent
                  | scales. (AC +2) [potion of mutation]
 48883 | Lair:4   | Gained mutation: Your system is resistant to poisons.
                  | (rPois) [potion of mutation]
 48884 | Lair:4   | Lost mutation: You have a somewhat thin skeletal structure.
                  | (Dex +2, Stealth+) [potion of mutation]
 48884 | Lair:4   | Lost mutation: You do not regenerate when monsters are
                  | visible. [potion of mutation]
 48884 | Lair:4   | Gained mutation: Your mind is acute. (Int +4, Str/Dex -1)
                  | [potion of mutation]
 48884 | Lair:4   | Gained mutation: Your mind is very acute. (Int +8, Str/Dex
                  | -2) [potion of mutation]
 49334 | Vaults:2 | Reached XP level 18. HP: 89/89 MP: 37/37
 49397 | Vaults:2 | Reached skill level 15 in Spellcasting
 51351 | Vaults:3 | Found a runed translucent gate.
 51351 | Vaults:3 | Found a runed translucent gate.
 51352 | Vaults:3 | Found a runed translucent gate.
 51352 | Vaults:3 | Noticed atomjack2's ghost (adept VSEn)
 51427 | Vaults:3 | Reached skill level 19 in Dodging
 51564 | Vaults:3 | Noticed Asterion
 51604 | Vaults:3 | Killed Asterion
 52068 | Vaults:3 | Noticed Margery
 52221 | Vaults:3 | Killed Margery
 52378 | Vaults:3 | Noticed a Tzitzimitl
 52889 | Vaults:3 | Noticed Zenata
 53020 | Vaults:4 | Reached XP level 19. HP: 94/94 MP: 34/39
 53202 | Vaults:3 | Found Hiczi's Weapon Shoppe.
 53202 | Vaults:3 | Identified the ring "Fimaz" {rCorr Dex+6}
 53206 | Vaults:3 | Noticed Aizul
 53352 | Vaults:3 | Killed Aizul
 53728 | Vaults:3 | Found a staircase to the Crypt.
 54212 | Vaults:4 | Identified the +5 broad axe "Orrocal" {freeze, Int+6}
 54232 | Vaults:4 | Reached skill level 20 in Dodging
 56018 | Depths:1 | Entered Level 1 of the Depths
 56185 | Depths:1 | Found a one-way gateway to a ziggurat.
 56315 | Depths:1 | Noticed Nikola
 56371 | Depths:1 | Killed Nikola
 56821 | Depths:1 | Identified the +10 arbalest "Raothrabo" {venom, rF+ rN+
                  | Int+2}
 56858 | Depths:1 | Gained mutation: You are weak. (Str -2) [a shining eye]
 56880 | Depths:1 | Gained mutation: You are occasionally teleported next to
                  | monsters. [a shining eye]
 56882 | Depths:1 | Gained mutation: You occasionally lose the ability to drink
                  | potions when taking damage. [a shining eye]
 56883 | Depths:1 | Gained mutation: You have hidden genetic defects. [a
                  | shining eye]
 56931 | D:15     | Lost mutation: Potions are less effective at restoring your
                  | health. [potion of mutation]
 56931 | D:15     | Lost mutation: You are weak. (Str -2) [potion of mutation]
 56931 | D:15     | Gained mutation: Your flesh is heat resistant. (rF+)
                  | [potion of mutation]
 56931 | D:15     | Gained mutation: You occasionally shout uncontrollably at
                  | your foes. [potion of mutation]
 56932 | D:15     | Lost mutation: You are partially covered in iridescent
                  | scales. (AC +2) [potion of mutation]
 56932 | D:15     | Lost mutation: Your flesh is heat resistant. (rF+) [potion
                  | of mutation]
 56932 | D:15     | Gained mutation: You have a pair of small horns on your
                  | head. [potion of mutation]
 57230 | D:14     | Lost mutation: Your mind is very acute. (Int +8, Str/Dex
                  | -2) [potion of mutation]
 57230 | D:14     | Lost mutation: You have hidden genetic defects. [potion of
                  | mutation]
 57230 | D:14     | Lost mutation: You have a pair of small horns on your head.
                  | [potion of mutation]
 57230 | D:14     | Gained mutation: You are robust. (+10% HP) [potion of
                  | mutation]
 57503 | Depths:1 | Gained mutation: You are vulnerable to cold. (rC-) [a
                  | shining eye]
 58004 | Spider:1 | Learned a level 9 spell: Shatter
 58270 | Spider:1 | Lost mutation: You are robust. (+10% HP) [mutagenic glow]
 58296 | Spider:1 | Gained mutation: You frequently scream uncontrollably at
                  | your foes. [mutagenic glow]
 58593 | Spider:1 | Reached XP level 20. HP: 87/98 MP: 4/42
 58924 | Spider:1 | Identified the +1 leather armour of Zucs {rF+ Int+4}
 58963 | Spider:1 | Identified the +2 quarterstaff of Analysis {flame, rF-
                  | rN+++ Str-3 Int+9}
 59227 | Spider:2 | Killed Arachne
 59447 | Spider:2 | Killed Rinayma's ghost
 60025 | D:15     | Killed LetschGu's ghost
 60314 | Depths:2 | Found a runed translucent door.
 60354 | Depths:2 | Paralysed by a floating eye for 2 turns
 60609 | Depths:2 | Identified the +1 leather armour of Hangman {Int+4}
 61204 | Depths:2 | Identified the amulet of Secrets {RegenMP MP+9 Str+6
                  | Slay-3}
 61221 | Depths:2 | Paralysed by a floating eye for 2 turns
 61302 | Depths:3 | Noticed a juggernaut
 61321 | Depths:3 | Killed a juggernaut
 61326 | Depths:3 | Noticed a golden dragon
 61338 | Depths:3 | Annihilated by a spriggan berserker
 61339 | Depths:3 | Reached XP level 19. HP: -24/95 MP: 0/42
 61485 | Depths:3 | Noticed a juggernaut
 61522 | Depths:3 | Identified the amulet "Neess" {Spirit rC+ rN+ MP-9 Stlth+}
 61540 | Depths:3 | Noticed a golden dragon
 61547 | Depths:3 | Mangled by a golden dragon
 61548 | Depths:3 | Reached XP level 18. HP: -9/119 MP: 9/41
 61548 | Depths:3 | Reached XP level 19. HP: 96/96 MP: 42/42
 61699 | Depths:3 | Killed a golden dragon
 61743 | Depths:3 | Killed from afar by an ice dragon

Illustrated notes

Levels and vault maps discovered:
D:1:      onia_arrival_handbag, layout_basic,
          hellmonk_ecumenical_altar_leap_of_faith
D:2:      layout_basic, serial_aquarium, aquarium_bridge_long_joined
          [aquarium_subvault_bridge, aquarium_subvault_bridge,
          aquarium_subvault_bridge, aquarium_subvault_window,
          aquarium_subvault_bridge, aquarium_subvault_wall],
          aquarium_window_fake, aquarium_window_1, aquarium_window_corner,
          aquarium_view_2c, aquarium_view_2f, chequers_serial_rivers_large_b,
          st_stairs_1
D:3:      layout_loops_cross, fedhas_altar_2,
          nicolae_dithmenos_through_a_glass_darkly
D:4:      layout_basic
D:5:      minmay_chambers_of_threes, layout_basic, minmay_temple_entry_trees,
          serial_co_window_serial, co_window_corner_a, co_window_paths_b,
          co_window_paths_b, co_window_of_opportunity_a, co_window_corner_a,
          co_window_of_opportunity_c, co_window_of_opportunity_c,
          co_window_broadway_b, co_window_paths_c, co_window_unsneaky_path_b,
          glass_columns_b, glass_columns_b, glass_columns_a, glass_columns_c,
          kennysheep_generic_room_3
D:6:      minmay_diamond_boxcup, layout_basic, uniq_edmund, uniq_pikel
D:7:      hellmonk_crumbling_castle, layout_layer_cave
D:8:      layout_loops_corners, mainiacjoe_overflow_catwalk, serial_shops,
          shop_fountains, enter_bailey_5
D:9:      layout_loops_cross, grunt_temple_overflow_open,
          corexii_hall_statues_l, uniq_erolcha
D:10:     layout_basic, mainiacjoe_overflow_24_doors,
          kennysheep_orc_monster_closet_entryway, serial_shops, shop_statue
D:11:     layout_cross, dpeg_oklobed_lair, minivault_1
D:12:     layout_loops_corners, nzn_wu_jian_contemplation, uniq_urug
D:13:     cross_vault, layout_long_grid, uniq_kirke, uniq_snorg
D:14:     layout_irregular_city, hangedman_vaults_entry_quadrant_bands,
          ebering_ghost_gozag, old_standard_altar,
          nicolae_tso_swordbearing_angel
D:15:     grunt_enter_depths_hoard, layout_irregular_city,
          gammafunk_ghost_necromancy, nicolae_eternal_life, led_sif_book
Temple:   compressed_dpeg_triangle_lava_temple
Lair:1:   layout_big_grid, portal_ice_cave_entry_ice_simulacra,
          dreamdust_mushroom_princess
Lair:2:   layout_gridlike, minmay_swamp_entry_wisps,
          hellmonk_spider_entry_life_and_decay, lemuel_fruit_tree
Lair:3:   layout_long_grid, nicolae_quartered_pool_impasse,
          serial_bayou_shore_a, grunt_megastairs_4
Lair:4:   layout_regular_city, minmay_slime_entry_pillars, serial_forest,
          infiniplex_forest_clump_C, infiniplex_forest_straight_3,
          infiniplex_forest_clump_large, infiniplex_forest_straight_5,
          infiniplex_forest_straight_2, infiniplex_forest_straight_1,
          infiniplex_forest_lined_room_3, infiniplex_forest_lined_1,
          beast_lair_carwin_5
Lair:5:   evil_forest, layout_loops_ring
Swamp:1:  nicolae_swamp_standing_stones, layout_falls_marsh,
          hangedman_swamp_diagram
Swamp:2:  layout_basic_swamp, nicolae_swamp_little_tower, swamp_pool3
Swamp:3:  layout_falls_marsh, nicolae_swamp_triple_paths, swamp_pool1,
          nzn_swamp_weyward_sisters
Swamp:4:  swamp, layout_basic_swamp
Spider:1: gammafunk_sealed_arena, drop_trap
Spider:2: layout_spider_delve, nzn_ghost_randoct
Spider:3: layout_spider_delve
Spider:4: hellmonk_spider_rune_endless_swarm
Slime:1:  layout_caves
Orc:1:    layout_caves, nicolae_shop_vocational
Orc:2:    grunt_orc_cross, layout_caves
Vaults:1: nicolae_vaults_twisting_passages, nicolae_vaults_little_squares_1,
          v_misc_14, nicolae_vaults_know_your_exits,
          nicolae_vaults_little_squares_1, serial_ice_b,
          nicolae_vaults_little_squares_4, vaults_mumra_hex,
          nicolae_vaults_asterisk, ontoclasm_vaults_chip,
          layout_vaults_chaotic_city, serial_shops, nicolae_shop_behind_doors
Vaults:2: infiniplex_enter_wizlab_glasses, vaults_room_mumra_shop_pool,
          grunt_vaults_hallway_long, ontoclasm_vaults_bender,
          nicolae_vaults_stairing_the_circle, v_rooms_5,
          layout_vaults_quadrants, nicolae_trove_entry_isolated
Vaults:3: ebering_ghost_rock_garden, nicolae_vaults_disjoint_gnomons, v_misc_2,
          nicolae_vaults_specimen_jars, minmay_crypt_entry_vampire_xt, st_star,
          v_misc_15, vaults_dpeg_doors, vaults_mumra_chevron_long,
          nicolae_vaults_network_star, nicolae_vaults_ninety_degrees,
          hangedman_vaults_pinch, vaults_dpeg_encased_lava,
          nicolae_vaults_little_squares_4, v_pattern_1, layout_vaults_omnibox,
          serial_shops, shop, uniq_asterion, uniq_zenata, uniq_margery,
          uniq_aizul
Vaults:4: hangedman_vaults_variations, hangedman_vaults_corner, st_lines,
          grunt_vaults_swirl, nicolae_vaults_yaktaur_gun_rack, v_misc_3,
          ontoclasm_vaults_eye, nicolae_vaults_back_hallway,
          hangedman_vaults_corner_blocks, ontoclasm_vaults_fault,
          nicolae_vaults_little_squares_5, vaults_dpeg_ring,
          layout_vaults_maze_snakey
Depths:1: layout_cave_pools, enter_ziggurat_a, chequers_serial_rivers_marsh,
          nicolae_hell_entry_hellmouth_sunbeams, due_unseen_surprise,
          uniq_nikola
Depths:2: nicolae_whirlpool, layout_basic, hell_entry, rand_demon_pan_entry_1,
          lightli_gold_pyramid, minmay_staircase_windowed_small
Depths:3: box_level_dp, abyss_entry, hell_entry

Skill      XL: |  1  2  3  4  5  6  7  8  9 10 11 12 13 14 15 16 17 18 19 20 |
---------------+-------------------------------------------------------------+-----
Stealth        | 3 4 |  4.0
Dodging        | 3 4 5 7 10 12 13 15 16 17 18 19 20 | 20.0
Earth Magic    | 3 4 5 6 7 9 10 11 12 13 | 13.7
Fighting       | 1 2 3 4 5 7 9 11 12 14 15 16 17 | 17.0
Transmutations | 2 3 4 5 7 8 9 10 13 14 | 14.0
Spellcasting   | 3 4 5 6 7 8 10 12 14 15 17 18 | 18.0
Evocations     | 4 6 7 8 10 | 10.0
Unarmed Combat | 3 4 8 10 12 | 12.0
Hexes          | 6 8 |  8.0
Conjurations   | 3 10 9 | 10.0
Necromancy     | 10 11 | 11.8

Action                   |  1- 3 |  4- 6 |  7- 9 | 10-12 | 13-15 | 16-18 | 19-21 || total
-------------------------+-------+-------+-------+-------+-------+-------+-------++-------
Melee: Unarmed           |     9 |     5 |     5 |   108 |   988 |  1586 |   557 ||  3258
       Bite              |       |     1 |       |    18 |   151 |   331 |   120 ||   621
       Punch             |       |       |       |     5 |    89 |   193 |    71 ||   358
       Headbutt          |       |       |       |       |       |       |     4 ||     4
 Cast: Sandblast         |    62 |    79 |   223 |    33 |     3 |       |       ||   400
       Passwall          |       |     6 |       |     4 |     1 |     1 |     7 ||    19
       Petrify           |       |       |     4 |     2 |    80 |    64 |    11 ||   161
       Stone Arrow       |       |       |    14 |   428 |   365 |   381 |   167 ||  1355
       Statue Form       |       |       |       |    18 |    79 |   149 |    56 ||   302
       Mephitic Cloud    |       |       |       |     1 |       |     1 |     1 ||     3
       Irradiate         |       |       |       |       |     2 |    17 |     9 ||    28
       Airstrike         |       |       |       |       |       |     1 |     2 ||     3
       Borgnjor's Vile C |       |       |       |       |       |    69 |   148 ||   217
       Shatter           |       |       |       |       |       |       |     3 ||     3
 Abil: End Transformatio |       |       |       |       |     3 |     3 |     3 ||     9
Evoke: Wand              |       |       |     1 |     5 |       |     1 |       ||     7
       Lightning rod     |       |       |       |       |       |     2 |       ||     2
  Use: Scroll            |       |       |       |    23 |    10 |    19 |     8 ||    60
       Potion            |       |       |       |     1 |     1 |    14 |     4 ||    20
 Stab: Sleeping          |     1 |       |     1 |     1 |    13 |    18 |     4 ||    38
       Petrified         |       |       |     4 |     4 |    86 |    47 |     8 ||   149
       Confused          |       |       |       |     3 |       |       |       ||     3
       Petrifying        |       |       |       |       |    10 |     7 |       ||    17
       Distracted        |       |       |       |       |       |     1 |     1 ||     2
Armor: Skin              |     2 |       |     2 |    62 |   487 |   779 |   259 ||  1591
Dodge: Dodged            |    18 |    32 |    69 |   374 |  2300 |  3326 |  1276 ||  7395

Table legend: (Time is in decaauts)
 A = Elapsed time spent in this place.
 B = Non-inter-level travel time spent in this place.
 C = Inter-level travel time spent in this place.
 D = Time resting spent in this place.
 E = Time spent auto-exploring this place.
 F = Levels seen in this place.
 G = Mean time per level.
                   A        B        C        D        E       F      G
               +--------+--------+--------+--------+--------+-----+--------+
         Total |  62844 |  59592 |   3252 |  10505 |  19292 |  42 | 1496.3 |
       Dungeon |  20244 |  18724 |   1520 |   3556 |   4772 |  15 | 1349.6 |
        Temple |     73 |     73 |      0 |      0 |     11 |   1 |   73.0 |
          Lair |  10146 |   9313 |    833 |   1543 |   3867 |   5 | 2029.2 |
         Swamp |   3982 |   3857 |    125 |    377 |   1615 |   4 |  995.5 |
   Spider Nest |   7894 |   7615 |    279 |   2382 |   1285 |   4 | 1973.5 |
    Slime Pits |    148 |    148 |      0 |     52 |      0 |   1 |  148.0 |
  Orcish Mines |   2206 |   2185 |     21 |      0 |   1287 |   2 | 1103.0 |
        Vaults |  10053 |   9677 |    376 |    900 |   4882 |   4 | 2513.2 |
        Depths |   3500 |   3405 |     95 |     65 |   1462 |   3 | 1166.7 |
        Bailey |   2231 |   2231 |      0 |   1048 |     85 |   1 | 2231.0 |
      Ice Cave |     74 |     74 |      0 |     24 |      0 |   1 |   74.0 |
        Wizlab |   2286 |   2286 |      0 |    554 |     23 |   1 | 2286.0 |
               +--------+--------+--------+--------+--------+-----+--------+

Top non-repeatable levels by time:
  Lair:4: 2906 daAuts
Vaults:2: 2726 daAuts
Spider:2: 2602 daAuts
Vaults:3: 2599 daAuts
Vaults:1: 2567 daAuts
  WizLab: 2286 daAuts
  Lair:5: 2283 daAuts
  Bailey: 2231 daAuts
  Lair:2: 2163 daAuts
Vaults:4: 2160 daAuts
Spider:3: 2094 daAuts
    D:10: 1948 daAuts
    D:14: 1845 daAuts
    D:15: 1765 daAuts
   Orc:2: 1743 daAuts
